 Dungeon Crawl Stone Soup version 0.21.0-30-g47ce8e4 (webtiles) character file.

301 wojtek the Purveyor of Pain (level 6, -1/44 HPs)
             Began as a Demonspawn Necromancer on Jan 29, 2018.
             Was an Initiate of Kikubaaqudgha.
             Slain by an ogre
             ... wielding a +0 giant club
              (18 damage)
             ... on level 3 of the Dungeon.
             The game lasted 00:08:09 (5250 turns).

wojtek the Purveyor of Pain (DsNe)                  Turns: 5250, Time: 00:08:09

Health: -1/44      AC:  3    Str:  9    XL:     6   Next: 14%
Magic:  0/9        EV: 12    Int: 18    God:    Kikubaaqudgha [......]
Gold:   232        SH:  0    Dex: 17    Spells: 8/9 levels left

rFire    . . .     SeeInvis .   i - +0 dagger
rCold    . . .     Gourm    .   (no shield)
rNeg     . . .     Faith    .   a - +0 robe
rPois    .         Spirit   +   (no helmet)
rElec    .         Reflect  .   (no cloak)
rCorr    .         Harm     .   j - +0 pair of gloves
MR       .....                  (no boots)
Stlth    +++.......             (no amulet)
HPRegen  0.14/turn              (no ring)
MPRegen  0.11/turn              (no ring)

@: no status effects
A: thin skeletal structure 2, magic shield
a: Renounce Religion


You were on level 3 of the Dungeon.
You worshipped Kikubaaqudgha.
Kikubaaqudgha was noncommittal.
You were not hungry.

You visited 1 branch of the dungeon, and saw 4 of its levels.

You collected 232 gold pieces.

Inventory:

Hand Weapons
 i - a +0 dagger (weapon)
Armour
 a - a +0 robe (worn)
 j - a +0 pair of gloves (worn)
Jewellery
 u - an uncursed ring of ice {unknown}
Scrolls
 d - a scroll of fear {unknown}
 e - 3 scrolls of magic mapping {unknown}
 f - 3 scrolls of identify {unknown}
 n - 4 scrolls of remove curse {unknown}
 o - a scroll of enchant armour {unknown}
 q - a scroll of enchant weapon {unknown}
 r - 2 scrolls of teleportation {unknown}
 w - a scroll of noise {unknown}
Potions
 g - a potion of mutation {unknown}
 h - 2 potions of resistance {unknown}
 k - a potion of degeneration {unknown}
 l - a potion of haste
 m - a potion of magic {unknown}
 p - 2 potions of lignification {unknown}
 s - a potion of berserk rage {unknown}
 t - a potion of brilliance {unknown}
 v - 2 potions of invisibility {unknown}
Books
 b - a book of Necromancy

   Spells                             Type                      Level
   a - Pain                           Necromancy                   1
   b - Animate Skeleton               Necromancy                   1
   c - Vampiric Draining              Necromancy                   3
   d - Regeneration                   Charms/Necromancy            3
   e - Animate Dead                   Necromancy                   4
   f - Borgnjor's Vile Clutch         Necromancy/Earth             5
Comestibles
 c - 5 rations
 x - 3 chunks of flesh


   Skills:
 - Level 2.2 Fighting
 - Level 1.7 Dodging
 - Level 1.7 Stealth
 - Level 2.0 Spellcasting
 + Level 7.7 Necromancy


You had 8 spell levels left.
You knew the following spells:

 Your Spells              Type           Power        Failure   Level  Hunger
a - Pain                  Necr           ####         1%          1    #......


Dungeon Overview and Level Annotations

Branches:
Dungeon (4/15)
 Temple: D:4-7

Altars:
Fedhas
Gozag
Kikubaaqudgha
Okawaru
Uskayaw

Annotations:
D:4 Monsterracer's ghost, amateur SpEn


Innate Abilities, Weirdness & Mutations

You have a moderately thin skeletal structure. (Dex +4, Stealth+)
When hurt, damage is shared between your health and your magic reserves.


Message History

Casting: Pain
Confirm with . or Enter, or press ? or * to list all spells.
Aiming: Pain
Press: ? - help, Shift-Dir - straight line, f/p - ogre
Aim: an ogre, wielding a giant club (moderately wounded, chance to defeat MR: 84%)
The ogre writhes in agony!
Casting: Pain
Confirm with . or Enter, or press ? or * to list all spells.
Aiming: Pain
Press: ? - help, Shift-Dir - straight line, f/p - ogre
Aim: an ogre, wielding a giant club (heavily wounded, chance to defeat MR: 84%)
The ogre barely resists.
The ogre barely misses you.
Casting: Pain
Confirm with . or Enter, or press ? or * to list all spells.
Aiming: Pain
Press: ? - help, Shift-Dir - straight line, f/p - ogre
Aim: an ogre, wielding a giant club (heavily wounded, chance to defeat MR: 84%)
The ogre writhes in agony!
The ogre hits you with a giant club!!
You die...
Kikubaaqudgha rasps: "You have failed me!
Welcome... death!"

#.##.....####....#####..[..#
#.##.....##.................
#.##........###.###.###.....
######.###....##.# ♣.♣ #.######.#
#.............##.#♣♣.♣♣#.#......#
#.....####..####.(.......#.######
#........#.....#.#♣♣.♣♣#.#.......
#.....##.#.###.#.# ♣.♣ #...####.#
#..........###.#@###.###.........
#.....##.#......O..........######
########.################..######
#..........#...###..#.....
############.#........).....
#............#..............
#.###...###..#..............
######.###...# #..#...)#####.....
#........#...# #................#


You could see an ogre.

Vanquished Creatures
  An ogre (D:3)
  A scorpion (D:3)
  A worker ant (D:4)
  3 gnolls (D:3)
  2 adders
  3 worms (D:2)
  2 dart slugs (D:2)
  4 leopard geckos
  5 orcs
  4 giant cockroaches
  12 goblins
  5 hobgoblins
  2 jackals (D:4)
  A quokka (D:2)
  11 bats
  5 frilled lizards
  7 kobolds
  9 rats
78 creatures vanquished.

Notes
Turn   | Place    | Note
-------+----------+-------------------------------------------
     0 | D:1      | wojtek the Demonspawn Necromancer began the quest for the Orb.
     0 | D:1      | Reached XP level 1. HP: 13/13 MP: 3/3
   638 | D:1      | Gained mutation: You have a somewhat thin skeletal structure. (Dex +2, Stealth) [demonic ancestry]
   638 | D:1      | Reached XP level 2. HP: 3/19 MP: 0/5
   894 | D:1      | Reached skill level 5 in Necromancy
  1971 | D:2      | Reached XP level 3. HP: 19/24 MP: 0/6
  2159 | D:2      | Found an iron altar of Okawaru.
  2440 | D:2      | Reached skill level 6 in Necromancy
  3054 | D:2      | Gained mutation: When hurt, damage is shared between your health and your magic reserves. [demonic ancestry]
  3054 | D:2      | Reached XP level 4. HP: 19/30 MP: 2/7
  3474 | D:3      | Found an opulent altar of Gozag.
  3631 | D:3      | Reached skill level 1 in Fighting
  3631 | D:3      | Gained mutation: You have a moderately thin skeletal structure. (Dex +4, Stealth+) [demonic ancestry]
  3631 | D:3      | Reached XP level 5. HP: 33/37 MP: 2/8
  4382 | D:3      | Found a blossoming altar of Fedhas.
  4382 | D:3      | Found an ancient bone altar of Kikubaaqudgha.
  4646 | D:3      | Became a worshipper of Kikubaaqudgha
  4685 | D:4      | Reached skill level 7 in Necromancy
  4714 | D:4      | Found a hide-covered altar of Uskayaw.
  4739 | D:4      | Noticed an ogre
  4815 | D:3      | Killed an ogre
  4815 | D:3      | Reached XP level 6. HP: 13/44 MP: 3/9
  5232 | D:4      | Noticed Monsterracer's ghost (amateur SpEn)
  5250 | D:3      | Slain by an ogre

Skill      XL: |  1  2  3  4  5 |
---------------+----------------+-----
Necromancy     | 5 6 7 |  7.7
Fighting       | 1 2 |  2.2
Dodging        | |  1.7
Stealth        | |  1.7
Spellcasting   | |  2.0

Action                   |  1- 3 |  4- 6 || total
-------------------------+-------+-------++-------
Melee: Dagger            |    60 |    40 ||   100
 Cast: Pain              |    90 |    64 ||   154
  Eat: Chunk             |     7 |     9 ||    16
Armor: Robe              |    27 |     7 ||    34
Dodge: Dodged            |    65 |    31 ||    96
